 Dungeon Crawl Stone Soup version 0.18.1-5-g4a78601 (webtiles) character file.

243 Bubs the Shield-Bearer (level 6, -5/49 HPs)
             Began as a Formicid Fighter on May 9, 2016.
             Killed by divine providence
             ... invoked by an orc priest
              (12 damage)
             ... on level 4 of the Dungeon.
             The game lasted 00:08:13 (2622 turns).

Bubs the Shield-Bearer (Formicid Fighter)           Turns: 2622, Time: 00:08:14

Health: -5/49      AC: 14    Str: 23    XL:     6   Next: 31%
Magic:  6/6        EV:  5    Int:  7    God:
Gold:   147        SH: 10    Dex: 10    Spells: 0 memorised, 5 levels left

rFire  . . .     SeeInvis +     a - +0 war axe
rCold  . . .     Gourm    +     m - +0 plate armour
rNeg   . . .     Faith    .     c - +0 shield
rPois  .         Spirit   .     (helmet unavailable)
rElec  .         Dismiss  .     (no cloak)
rCorr  .         Reflect  .     (no gloves)
SustAt .         Harm     .     h - +1 pair of boots
MR     .....                    r - amulet of the gourmand
Stlth  ..........               (no ring)
                                (no ring)

@: not resistant to hostile enchantments, extremely unstealthy
A: permanent stasis, dig shafts and tunnels, four strong arms, antennae 3
a: Dig, Shaft Self


You were on level 4 of the Dungeon.
You were very hungry.

You visited 1 branch of the dungeon, and saw 4 of its levels.

You collected 147 gold pieces.

Inventory:

Hand Weapons
 a - a +0 war axe (weapon)
Armour
 c - a +0 shield (worn)
 h - a +1 pair of boots (worn)
 m - a +0 plate armour (worn)
Jewellery
 r - an amulet of the gourmand (around neck)
Wands
 j - a wand of random effects (22/48)
 o - a wand of lightning (8/15)
Scrolls
 e - 3 scrolls of remove curse {unknown}
 i - a scroll of teleportation {unknown}
 k - a scroll of identify {unknown}
 p - a scroll of magic mapping {unknown}
 u - a scroll of fog {unknown}
Potions
 b - 2 potions of degeneration {unknown}
 d - a potion of might
 g - a potion of invisibility {unknown}
 l - a potion of flight {unknown}
 t - a potion of agility {unknown}
Comestibles
 f - 3 bread rations
 n - a slice of pizza
 q - 2 beef jerkies
 s - a meat ration


   Skills:
 + Level 4.4 Fighting
 + Level 3.7 Axes
 + Level 4.6 Armour
 + Level 4.9 Shields


You had 5 spell levels left.
You didn't know any spells.

Dungeon Overview and Level Annotations

Branches:
Dungeon (4/15)
 Temple: D:4-7

Altars:
Dithmenos
Pakellas
Xom


Innate Abilities, Weirdness & Mutations

You are under a permanent stasis effect.
You can dig through walls and to a lower floor.
Your four strong arms can wield two-handed weapons with a shield.
You have a pair of large antennae on your head (SInv).


Message History

The orc priest hits you but does no damage.
You closely miss the orc priest. You block the orc priest's attack.
You barely miss the orc priest.
You hear the slow hiss of a very distant avalanche of sand.
The iguana hisses menacingly.
The orc priest hits you with a short sword.
* * * LOW HITPOINT WARNING * * *
You closely miss the orc priest. You block the orc priest's attack.
The orc priest completely misses you.
You completely miss the orc priest.
The orc priest mumbles some strange prayers to Beogh against you.
You struggle to resist.
You closely miss the orc priest. You block the orc priest's attack.
You hit the orc priest but do no damage.
The orc priest barely misses you.
You are feeling very hungry.
Your plate armour prevents you from hitting the orc priest.
The orc priest mumbles some strange prayers to Beogh against you.
Beogh smites you!
You die...

### ..# ### #.#
#.#########.###
#olo@.........#
#.#########.#.#######
#)# ####.#........
.>.....##
#.............
....#.o
#..#.#......## #.
.... #..#.#.####.##
..... #..#.#.# #.##
....... #..#.#.# #.(.
....... {
#..#.#.#######


You could see an iguana and 2 orc priests.

Vanquished Creatures
  3 orc wizards (D:3)
  A giant frog skeleton (D:4)
  6 adders
  2 worms (D:3)
  3 dart slugs (D:3)
  7 orcs
  3 giant cockroaches
  8 goblins
  6 hobgoblins
  9 kobolds
  2 quokkas (D:3)
  11 bats
  A giant gecko zombie (D:3)
  7 rats
69 creatures vanquished.

Notes
Turn   | Place    | Note
--------------------------------------------------------------
     0 | D:1      | Bubs the Formicid Fighter began the quest for the Orb.
     0 | D:1      | Reached XP level 1. HP: 18/18 MP: 1/1
   110 | D:1      | Reached XP level 2. HP: 21/24 MP: 2/2
   833 | D:2      | Reached XP level 3. HP: 25/29 MP: 3/3
   941 | D:2      | Found a shimmering altar of Xom.
  1337 | D:2      | Found an oddly glowing altar of Pakellas.
  1670 | D:3      | Reached XP level 4. HP: 29/37 MP: 4/4
  1699 | D:3      | Reached XP level 5. HP: 11/42 MP: 5/5
  2098 | D:3      | Found a shadowy altar of Dithmenos.
  2335 | D:3      | Reached XP level 6. HP: 48/48 MP: 6/6
  2622 | D:4      | Killed from afar by an orc priest

Skill      XL: |  1  2  3  4 |
---------------+-------------+-----
Axes           | 3 |  3.7
Shields        | 4 |  4.9
Fighting       | 4 |  4.4
Armour         | 4 |  4.6

Action                   |  1- 3 |  4- 6 || total
-------------------------+-------+-------++-------
Melee: War axe           |   102 |   153 ||   255
  Eat: Chunk             |     2 |     3 ||     5
Armor: Scale mail        |    46 |       ||    46
       Plate armour      |    18 |    98 ||   116
Dodge: Dodged            |    32 |    31 ||    63
Block: Shield            |    66 |   114 ||   180
